 Dungeon Crawl Stone Soup version 0.22-a0-271-gc000056 (webtiles) character file.

6793 varam the Grappler (level 10, -5/98 HPs)
             Began as a Troll Monk on Mar 11, 2018.
             Was an Elder of Cheibriados.
             Hit by a javelin thrown by a minotaur (14 damage)
             ... in a labyrinth.
             The game lasted 00:33:32 (9356 turns).

varam the Grappler (Troll Monk)                     Turns: 9356, Time: 00:33:33

Health: -5/98      AC:  5    Str: 36    XL:     10   Next: 76%
Magic:  12/12      EV: 13    Int: 18    God:    Cheibriados [****..]
Gold:   801        SH:  0    Dex: 21    Spells: 8/9 levels left

rFire    . . .     SeeInvis .     - Unarmed
rCold    . . .     Gourm    +   (no shield)
rNeg     + . .     Faith    .   a - +0 robe
rPois    .         Spirit   .   (helmet restricted)
rElec    .         Reflect  .   (no cloak)
rCorr    .         Harm     .   (gloves unavailable)
MR       .....                  (boots unavailable)
Stlth    ++........             t - amulet of magic regeneration
HPRegen  0.66/turn              A - +6 ring of strength
MPRegen  0.38/turn              B - ring of positive energy

@: very slightly contaminated, very slow
A: large, unfitting armour, claws 3, fast metabolism 3, gourmand, regeneration
1, shaggy fur 1, tough skin 2
a: Bend Time, Temporal Distortion, Slouch, Renounce Religion


You were in a labyrinth.
You worshipped Cheibriados.
Cheibriados was greatly pleased with you.
You were not hungry.

You visited 3 branches of the dungeon, and saw 13 of its levels.
You also visited: Labyrinth and Ossuary.

You collected 801 gold pieces.

Inventory:

Missiles
 j - 120 sling bullets
 p - 6 javelins
 C - 3 poisoned tomahawks
 G - 6 tomahawks
 H - a javelin of returning (quivered)
Armour
 a - a +0 robe (worn)
 e - a +2 shield
Jewellery
 h - an uncursed ring of stealth
 t - an amulet of magic regeneration (around neck)
 y - an uncursed ring of protection from cold
 A - a +6 ring of strength (left claw)
 B - a ring of positive energy (right claw)
Wands
 f - a wand of iceblast (10)
 l - a wand of enslavement (7)
Scrolls
 g - 5 scrolls of teleportation
 k - 5 scrolls of remove curse {unknown}
 m - 5 scrolls of enchant weapon {unknown}
 o - 2 scrolls of fear
 u - a scroll of identify
 v - 2 scrolls of magic mapping {unknown}
 E - 2 scrolls of enchant armour {unknown}
 F - a scroll of immolation {unknown}
 I - a scroll of fog {unknown}
Potions
 c - 5 potions of mutation
 d - 10 potions of curing
 i - a potion of heal wounds
 n - 2 potions of agility
 q - a potion of invisibility
 s - 3 potions of brilliance
 w - 5 potions of flight
 x - 2 potions of lignification
 z - 3 potions of might
 J - 2 potions of ambrosia {unknown}
Comestibles
 b - 19 rations


   Skills:
 - Level 6.2 Fighting
 - Level 4.2 Throwing
 - Level 5.0 Dodging
 - Level 1.4 Stealth
 * Level 7.1 Shields
 - Level 9.0 Unarmed Combat
 - Level 4.8 Invocations


You had 8 spell levels left.
You knew the following spells:

 Your Spells              Type           Power        Failure   Level  Hunger
a - Beastly Appendage     Tmut           #.....       22%         1    ##.....


Dungeon Overview and Level Annotations

Branches:
Dungeon (10/15)            Temple (1/1) D:6            Lair (2/6) D:8
  Swamp: Lair:2-4    Shoals: Lair:2-4     Snake: Lair:2-4    Spider: Lair:2-4
    Orc: D:9-12

Altars:
Ashenzari
Cheibriados
Dithmenos
Elyvilon
Fedhas
Hepliaklqana
Kikubaaqudgha
Makhleb
Nemelex Xobeh
Okawaru
Qazlal
Ru
Sif Muna
Trog
Uskayaw
Vehumet
Wu Jian
Yredelemnul
Zin
The Shining One


Innate Abilities, Weirdness & Mutations

You are too large for most types of armour.
You have claws for hands.
Your metabolism is lightning-fast.
You like to eat raw meat.
Your natural rate of healing is unusually fast.
You are covered in fur. (AC +1)
You have very tough skin. (AC +2)


Message History

The minotaur bellows!
The minotaur picks up a scroll of identify.
The minotaur picks up a fine arbalest.
The minotaur wields a fine arbalest.
Found a runed robe.
Found an escape hatch in the ceiling.
The minotaur throws a javelin.
The javelin closely misses you.
The minotaur throws a javelin.
The javelin hits you!!
The minotaur throws a javelin.
The javelin hits you!!
You see here 2 javelins.
The minotaur throws a javelin.
The javelin hits you!!
* * * LOW HITPOINT WARNING * * *
The minotaur throws a javelin.
The javelin closely misses you.
You see here 2 javelins.
Okay, then.
Blink to where?
Press: ? - help, Dir - move target cursor You are very lightly contaminated with residual magic.
As you read the scroll labeled ESIMUYMEGED, it crumbles to dust.
It was a scroll of blinking.
The minotaur throws a javelin.
The javelin hits you!
You die...

# # #.# # #.#.#
#. . ..#. .# .
###########.
.##### #
#.........# #.
#.#
###.#####.###
.# # ...#
...#.#... ###.#
#.### # #.# .
..#.#.#... ...
. #
#@#(#########.#
#. #.(.(...H<
..
#######.###.##
# #.# . # # ##
# #.### .. . #.
. . ### # #. ..
. # ##


You could see a minotaur.

Vanquished Creatures
  Pikel (D:6)
  A spiny frog (Lair:1)
  A troll (D:8)
  Grinder (D:5)
  A hornet (D:6)
  3 hippogriffs
  2 redbacks (Lab)
  A wraith (D:10)
  3 yaks (Lair:1)
  2 hell hounds (D:8)
  3 water moccasins (Lair:1)
  4 phantoms
  3 ice beasts
  2 ogres
  4 centaurs
  2 crocodiles (Lair:1)
  4 bullfrogs
  A wyvern zombie (D:8)
  A scorpion (D:8)
  9 killer bees
  3 crimson imps
  2 jellies (D:4)
  A centaur skeleton (D:4)
  A bullfrog skeleton (D:7)
  5 hounds
  3 orc priests
  7 orc wizards
  2 iguanas
  5 worker ants
  2 hound skeletons (D:5)
  8 mummies (Ossuary)
  Robin (D:4)
  A worker ant zombie (D:6)
  A howler monkey skeleton (D:6)
  15 adders
  A shadow imp (D:7)
  10 oozes
  4 worms
  5 dart slugs
  5 leopard geckos
  25 orcs
  10 bats
  7 giant cockroaches
  2 gnoll zombies (Ossuary)
  21 goblins
  13 hobgoblins
  2 jackals
  3 quokkas
  2 ball pythons
  9 frilled lizards
  2 hobgoblin zombies (Ossuary)
  12 kobolds
  2 kobold zombies (Ossuary)
  2 orc zombies (Ossuary)
  A quokka skeleton (D:4)
  9 rats
  A fungus (Lair:2)
254 creatures vanquished.

Vanquished Creatures (collateral kills)
  2 yaks (Lair:1)
  A water moccasin (Lair:1)
  A killer bee (D:7)
4 creatures vanquished.

Vanquished Creatures (others)
  A slave (D:6)
  A centaur (D:6)
  A killer bee (D:7)
  An adder (D:6)
  6 toadstools (D:4)
10 creatures vanquished.

Grand Total: 268 creatures vanquished

Notes
Turn   | Place    | Note
-------+----------+-------------------------------------------
     0 | D:1      | varam the Troll Monk began the quest for the Orb.
     0 | D:1      | Reached XP level 1. HP: 22/22 MP: 0/0
    86 | D:1      | Reached XP level 2. HP: 29/29 MP: 1/1
   771 | D:1      | Reached XP level 3. HP: 33/36 MP: 2/2
   796 | D:1      | Found a shattered altar of Ashenzari.
  1265 | D:2      | Reached XP level 4. HP: 42/44 MP: 3/3
  1305 | D:2      | Reached skill level 4 in Unarmed Combat
  1975 | D:3      | Found a stormy altar of Qazlal.
  2045 | D:3      | Reached XP level 5. HP: 50/52 MP: 4/4
  2292 | D:3      | Found a hazy altar of Hepliaklqana.
  2296 | D:3      | Found an iron altar of Okawaru.
  2354 | D:3      | Reached skill level 5 in Unarmed Combat
  2438 | D:4      | Noticed Robin
  2618 | D:3      | Reached XP level 6. HP: 37/59 MP: 5/5
  2623 | D:3      | Reached skill level 6 in Unarmed Combat
  2663 | D:4      | Killed Robin
  2741 | D:4      | Reached skill level 7 in Unarmed Combat
  2785 | D:4      | Found a sand-covered staircase.
  2797 | Ossuary  | Entered an ossuary
  2826 | Ossuary  | Reached XP level 7. HP: 66/66 MP: 6/6
  3203 | D:4      | Reached skill level 8 in Unarmed Combat
  3446 | D:5      | Entered Level 5 of the Dungeon
  3517 | D:5      | Reached skill level 9 in Unarmed Combat
  3555 | D:5      | Reached skill level 3 in Fighting
  3555 | D:5      | Reached skill level 3 in Dodging
  3555 | D:5      | Reached XP level 8. HP: 46/75 MP: 7/7
  3803 | D:5      | Reached skill level 1 in Throwing
  4025 | D:5      | Noticed Grinder
  4063 | D:5      | Reached skill level 2 in Throwing
  4208 | D:5      | Paralysed by Grinder for 2 turns
  4214 | D:5      | Killed Grinder
  4214 | D:5      | Reached skill level 4 in Fighting
  4214 | D:5      | Reached skill level 4 in Dodging
  4437 | D:6      | Found a staircase to the Ecumenical Temple.
  4446 | Temple   | Entered the Ecumenical Temple
  4541 | Temple   | Became a worshipper of Cheibriados the Contemplative
  4541 | Temple   | Reached * piety under Cheibriados
  4541 | Temple   | Reached ** piety under Cheibriados
  4625 | D:6      | Reached skill level 3 in Throwing
  4847 | D:6      | Noticed Pikel
  4857 | D:6      | Killed Pikel
  4857 | D:6      | Reached skill level 1 in Invocations
  4857 | D:6      | Reached XP level 9. HP: 72/85 MP: 7/9
  5102 | D:6      | Reached skill level 2 in Invocations
  5451 | D:6      | Reached skill level 4 in Throwing
  5586 | D:7      | Reached skill level 1 in Shields
  5656 | D:7      | Reached skill level 5 in Fighting
  5656 | D:7      | Reached skill level 5 in Dodging
  5870 | D:7      | Found a basalt altar of Yredelemnul.
  6179 | D:8      | Learned a level 1 spell: Beastly Appendage
  6226 | D:8      | Reached skill level 2 in Shields
  6244 | D:8      | Reached skill level 3 in Invocations
  6267 | D:8      | Reached *** piety under Cheibriados
  6490 | D:8      | Reached skill level 3 in Shields
  6595 | D:8      | Noticed a troll
  6600 | D:8      | Killed a troll
  6610 | D:8      | Found a staircase to the Lair.
  6628 | D:8      | Reached XP level 10. HP: 98/98 MP: 11/11
  6686 | D:8      | Reached skill level 4 in Shields
  6686 | D:8      | Reached skill level 4 in Invocations
  6874 | D:9      | Noticed a two-headed ogre
  6920 | Lair:1   | Entered Level 1 of the Lair of Beasts
  7136 | D:10     | Entered Level 10 of the Dungeon
  7214 | D:10     | Reached skill level 6 in Fighting
  7687 | Lair:1   | Reached skill level 5 in Shields
  7711 | Lair:1   | Noticed a spiny frog
  7719 | Lair:1   | Killed a spiny frog
  7942 | Lair:1   | Reached **** piety under Cheibriados
  7948 | Lair:1   | Reached skill level 6 in Shields
  8547 | Lair:2   | Found a labyrinth entrance.
  8590 | Lab      | Entered a labyrinth
  9008 | Lab      | Reached skill level 7 in Shields
  9351 | Lab      | Noticed a minotaur
  9354 | Lab      | HP: 7/98 [minotaur/javelin (25)]
  9356 | Lab      | Hit by a javelin thrown by a minotaur

Vault maps used:
D:1:      matt_arrival_spirals, evilmike_ruin_ashenzari
D:2:      first_ration, minmay_split_cup_large
D:3:      overflow_temple_1_default, nicolae_overflow_hidden_temple,
          kennysheep_generic_room_2
D:4:      cheibrodos_fertilizer, nicolae_ossuary_entry_monument,
          item_on_display_a, uniq_robin
D:5:      serial_curves, eino_curves_03, eino_curves_03, st_stairs_5,
          uniq_grinder
D:6:      minmay_temple_entry_large_hall, uniq_pikel
D:7:      old_standard_altar
D:8:      minmay_lair_entry_lava
D:9:      minmay_quarter_circles, orc_0_dummy
D:10:     grunt_pizzeria, lightli_corner_chamber
Temple:   minmay_temple_bridge_d
Lair:2:   lemuel_reptile_caves, lab_entry_generic,
          portal_ice_cave_entry_pillars_1, serial_bayou_ford_a,
          lemuel_fruit_fields, lemuel_fruit_tree
Lab:      lab_fountain, labyrinth_glass_2, nicolae_lab_grate
Ossuary:  ossuary_tomb_3

Skill      XL: |  1  2  3  4  5  6  7  8  9 10 |
---------------+-------------------------------+-----
Unarmed Combat | 4 5 7 9 |  9.0
Fighting       | 3 4 5 6 |  6.2
Dodging        | 3 4 5 |  5.0
Throwing       | 3 4 |  4.2
Invocations    | 1 3 4 |  4.8
Shields        | 3 7 |  7.1
Stealth        | |  1.4

Action                   |  1- 3 |  4- 6 |  7- 9 | 10-12 || total
-------------------------+-------+-------+-------+-------++-------
Melee: Unarmed           |   104 |   196 |   307 |   141 ||   748
       Punch             |       |     7 |    13 |     7 ||    27
Throw: Javelin           |       |     3 |    13 |       ||    16
       Tomahawk          |       |       |     3 |       ||     3
Invok: Bend Time         |       |       |     1 |     5 ||     6
Evoke: Wand              |       |       |     3 |     6 ||     9
  Use: Potion            |       |     2 |     2 |     4 ||     8
       Scroll            |       |       |    10 |     3 ||    13
 Stab: Sleeping          |     1 |     7 |     8 |     3 ||    19
       Distracted        |       |       |       |     1 ||     1
  Eat: Chunk             |    16 |    15 |    28 |    12 ||    71
Armor: Robe              |    36 |    54 |    63 |    19 ||   172
       Skin              |       |     1 |     2 |       ||     3
Dodge: Dodged            |    65 |   124 |   155 |    94 ||   438
Block: Shield            |       |       |       |     4 ||     4

Table legend:
 A = Spawn XP
 B = Non-spawn XP
 C = Spawn XP percentage of total XP
 D = Spawn monster count
 E = Non-spawn monster count
 F = Spawn count percentage of total count
 G = Total turns spent on level
                    A         B        C        D         E        F      G
               +---------+---------+-------+---------+---------+-------+---------
         Total |       0 |    9705 |   0.0 |       0 |     258 |   0.0 |  9356
               +---------+---------+-------+---------+---------+-------+---------
           D:1 |       0 |      47 |   0.0 |       0 |      22 |   0.0 |  1011
           D:2 |       0 |     104 |   0.0 |       0 |      33 |   0.0 |   713
           D:3 |       0 |     235 |   0.0 |       0 |      44 |   0.0 |   914
           D:4 |       0 |     650 |   0.0 |       0 |      37 |   0.0 |   438
           D:5 |       0 |     995 |   0.0 |       0 |      23 |   0.0 |   988
           D:6 |       0 |    1344 |   0.0 |       0 |      14 |   0.0 |   921
           D:7 |       0 |     531 |   0.0 |       0 |      14 |   0.0 |   641
           D:8 |       0 |    1907 |   0.0 |       0 |      22 |   0.0 |   876
           D:9 |       0 |     393 |   0.0 |       0 |       7 |   0.0 |   163
          D:10 |       0 |     761 |   0.0 |       0 |       8 |   0.0 |   408
        Lair:1 |       0 |    1883 |   0.0 |       0 |      14 |   0.0 |   897
        Lair:2 |       0 |     275 |   0.0 |       0 |       2 |   0.0 |    84
           Lab |       0 |     427 |   0.0 |       0 |       2 |   0.0 |   766
       Ossuary |       0 |     153 |   0.0 |       0 |      16 |   0.0 |   370
               +---------+---------+-------+---------+---------+-------+---------
